[Event "Championnat du monde jeunes U12"]
[Date "2024.11.23"]
[White "Aansh Nandan Nerurkar"]
[Black "Karthi, Jashith"]
[WhiteElo "2247"]
[BlackElo "2073"]
[Round "8.5"]
[Result "1-0"]
[TimeControl "5400+30"]

1. e4 c5 2. Nf3 e6 3. g3 Nc6 4. Bg2 Nf6 5. Qe2 e5 6. O-O Be7 7. c3 O-O 8. Na3 d6 9. d3 Re8 10. Nc4 h6 11. Ne3 Bf8 12. Nh4 b5 13. Bd2 Bb7 14. Rad1 a5 15. Ng4 Nxg4 16. Qxg4 Bc8 17. Qf3 g6 18. Be3 Bg7 19. Qe2 b4 20. Nf3 Be6 21. c4 Bg4 22. h3 Bxf3 23. Bxf3 Qe7 24.
Qd2 Kh7 25. Kg2 Nd8 26. h4 h5 27. Rh1 Rh8 28. g4 Kg8 29. gxh5 gxh5 30. Qe2 Ne6 31. Bxh5 Kf8 32. Qf3 Bf6 33. Bg4 Bxh4 34. Rdg1 Bf6 35. Kf1 Rxh1 36. Qxh1 Qd7 37. Qf3 Ke7 38. Rh1 Rg8 39. Rh6 Rg6 40. Rxg6 fxg6 41. Qh3 Bg7 42. Qh7 Kf6 43. Qg8 Qf7 44. Qa8 Qc7 45. Bxe6 Kxe6 46. Bg5 Kf7 47. Qd5+ Kf8 48. Qe6 a4 49. Qxg6 Qd7 50. Ke1 b3 51. axb3 axb3 52. Kd2 Qc7 53. Qe6 Qa5+ 54. Ke2 Qc7 55. Ke3 Qa7 56. Ke2 Qc7 57. Kf1 Qa7 58. Kg2 Qc7 59. Kg3 Qa7 60. Kg2 Qc7 61. f3 Qa7 62. Qxd6+ Kg8 63. Bd2 Qa1 64. Bc3 Qd1 65. Qxc5 Qc2+ 66. Kg3 Qd1 67. Qc8+ Kh7 68. Qh3+ Kg8 69. Qe6+ Kh7 70. Qh3+ Kg8 71. Qg2 Qxd3 72. Qd2 Qf1 73. Kg4 Qg1+ 74. Kf5 Qg3 75. Qd5+ Kh7 76. Ke6 Qh3+ 77. Ke7 Qh4+ 78. Kd7 Qh3+ 79. Kc7 Qxf3 80. c5 Qf6 81. c6 Qe7+ 82. Kb6 Qf6 83. Kb7 Bf8 84. c7 Qe7 85. Qxe5 Qh4 86. Qh8+ 1-0

[Variant "Standard"]
[Site "Europe Echecs"]

[Event "Championnat du monde jeunes U12"]
[Date "2024.11.23"]
[White "Torres Rebolledo, Alvaro"]
[Black "Wijerathna, Vinuka Dihain"]
[WhiteElo "2216"]
[BlackElo "2004"]
[Round "8.6"]
[Result "0-1"]
[TimeControl "5400+30"]

1. e4 e5 2. Nf3 Nc6 3. d4 exd4 4. Bc4 Nf6 5. e5 d5 6. Bb5 Ne4 7. Nxd4 Bd7 8. Bxc6 bxc6 9. O-O Be7 10. f3 Nc5 11. f4 f5 12. b4 Ne6 13. Nxf5 Bxb4 14. Ng3 O-O 15. f5 Bc5+ 16. Kh1 Ng5 17. e6 Be8 18. Bb2 Rb8 19. Be5 Bd6 20. Bxd6 Qxd6 21. Nd2 c5 22. Qg4 h6 23. Rab1 Rb6 24. Rxb6 cxb6 25. Re1 Qe7 26. c4 Bc6 27. Nh5 g6 28. Nf4 gxf5 29. Qg3 Kh7 30. h4 dxc4 31. hxg5 hxg5 32. Qh3+ Kg7 33. Nh5+ Kg8 34. Nxc4 g4 35. Qe3 Bd5 36. Nd6 f4 37. Qe5 f3 38. Nf5 Rxf5 39. Qxf5 Qh4+ 40. Kg1 Qxe1+ 41. Kh2 Qh4+ 42. Kg1 f2+ 43. Kf1 Bc4+ 0-1

[Variant "Standard"]
[Site "Europe Echecs"]

[Event "Championnat du monde jeunes U12"]
[Date "2024.11.23"]
[White "Stepanyan, Davit"]
[Black "Diachek, Andrii"]
[WhiteElo "2011"]
[BlackElo "2162"]
[Round "8.7"]
[Result "1-0"]
[TimeControl "5400+30"]

1. d4 Nf6 2. c4 e6 3. g3 Bb4+ 4. Bd2 Be7 5. Bg2 d5 6. Nf3 O-O 7. O-O Nbd7 8. Qc2 Ne4 9. Bf4 c6 10. Rd1 g5 11. Bc1 f5 12. a4 a5 13. b3 Bf6 14. Bb2 Bg7 15. Nbd2 Ndf6 16. Ne5 Nd6 17. Rac1 Nd7 18. Nd3 Nf6 19. f3 g4 20. Ne5 Nf7 21. Nf1 Qb6 22. Kh1 Nxe5 23. dxe5 Nd7 24. f4 Nb8 25. Bd4 c5 26. Bf2 d4 27. e3 Nc6 28. exd4 cxd4 29. c5 Qc7 30. Bxd4 Bd7 31. Bc3 Ne7 32. Ne3 Bc6 33. Bxc6 Nxc6 34. Rd6 Rfe8 35. Rcd1 Bf8 36. Rd7 Qc8 37. Nxg4 Re7 38. Nf6+ Kg7 39. Qg2 Nb8 40. Rxe7+ Bxe7 41. g4 Qc6 42.
gxf5+ Qxg2+ 43. Kxg2 exf5 44. Nd5 Kf8 45. Nc7 Ra7 46. e6 Nc6 47. Rd5 Bd8 48. Rxf5+ Kg8 49. Rf7 Ne7 50. f5 Nxf5 51. Rxf5 Bxc7 52. Rf7 Bb8 53. Rg7+ 1-0

[Variant "Standard"]
[Site "Europe Echecs"]

[Event "Championnat du monde jeunes U12"]
[Date "2024.11.23"]
[White "Platonovs, Nikolajs"]
[Black "Belin, Anton"]
[WhiteElo "1969"]
[BlackElo "2138"]
[Round "8.8"]
[Result "1-0"]
[TimeControl "5400+30"]

1. e4 e6 2. d4 d5 3. Nc3 Nf6 4. Bg5 dxe4 5. Nxe4 Nbd7 6. Nf3 h6 7. Bxf6 Nxf6 8. Bd3 Nxe4 9. Bxe4 Bd6 10. Qe2 O-O 11. O-O-O Qe7 12. Kb1 c5 13. g4 cxd4 14. Nxd4 Rb8 15. h4 f5 16. gxf5 exf5 17. Bd5+ Kh8 18. Qh5 Qf6 19. Rhg1 Bd7 20. Rg6 Be8 21. Rdg1 Bf4 22. Rxf6 Bxh5 23. Rxf8+ Rxf8 24. Ne6 Bd6 25. Nxf8 Bxf8 26. Bxb7 Bc5 27. Rg2 Be7 28. Rh2 Kh7 29. f3 Kg6 30. c3 f4 31. Kc2 Kf5 32. Kd3 Ke5 33. Re2+ Kd6 34. Rxe7 Kxe7 35. Ke4 Bf7 36. Bd5 Bg6+ 37. Kxf4 Kd6 38. Bg8 Bb1 39. Ke3 Ke5 40. f4+ Kf6 41. Bc4 h5 42. a4 Bc2 43. a5 g6 44. b4 Bf5 45. Bd3 Bd7 46. Kd4 Be6 47. Kc5 Bd7 48. Kd6 1-0

[Variant "Standard"]
[Site "Europe Echecs"]

[Event "Championnat du monde jeunes U12"]
[Date "2024.11.23"]
[White "Ambartsumian, Tyhran"]
[Black "Gao, Heye"]
[WhiteElo "2123"]
[BlackElo "1933"]
[Round "8.9"]
[Result "1-0"]
[TimeControl "5400+30"]

1. e4 e5 2. Nf3 Nc6 3. Bb5 a6 4. Ba4 Nf6 5. O-O Be7 6. Re1 b5 7. Bb3 d6 8. a4 Bd7 9. c3 O-O 10. d3 h6 11. Nbd2 Na5 12. Bc2 c5 13. Nf1 Re8 14. Ng3 Nc6 15. Nh4 d5 16. Ngf5 Bf8 17. Qf3 Be6 18. axb5 axb5 19. Rxa8 Qxa8 20. Nxh6+ gxh6 21. Qxf6 Qd8 22. Qxd8 Rxd8 23. exd5 Rd7
24. d6 Rxd6 25. Be3 Rd8 26. g3 b4 27. Ba4 Na5 28. cxb4 cxb4 29.
Bb6 Rd5 30. Nf3 Rxd3 31. Nxe5 Rd5 32.
b3 Bd6 33. Nf3 Rd3 34. Nd4 Bxb3 35.
Re8+ Kg7 36. Nxb3 Nxb3 37. Rd8 Nc1 38.
Bc2 Rd2 39. Be4 Ne2+ 40. Kg2 Nc3 41.
Be3 Rd1 42. Bf3 Rd3 43. Bf4 b3 44. Bxd6 Kh7 45. Bg4 Rd5 46. Be7 Rxd8 47. Bf5+ Kg8 48. Bxd8 b2 49. Ba5 b1=Q 50. Bxb1 Nxb1 51. Bb4 Kh7 52. Kf3 Kg6 53. Ke4 Kg5 54. Kd3 Kg4 55. Kc2 Kf3 56. Kxb1 Kxf2 57. Bd6 Kg2 58. h4 h5 59. Kc2 f6 60. Kd3 Kf3 61. Bf4 1-0

[Variant "Standard"]
[Site "Europe Echecs"]

[Event "Championnat du monde jeunes U12"]
[Date "2024.11.23"]
[White "Luger, Sam"]
[Black "Kleschevnikov, Arseny"]
[WhiteElo "2094"]
[BlackElo "1893"]
[Round "8.10"]
[Result "1/2-1/2"]
[TimeControl "5400+30"]

1. d4 d5 2. c4 e6 3. Nf3 Nf6 4. g3 dxc4 5. Bg2 c6 6. O-O b5 7. Ne5 Bb7 8. a4 a6 9. b3 cxb3 10. Bb2 Be7 11. Nd2 Qb6 12. Qxb3 Nbd7 13. Rfc1 Nxe5 14. dxe5 Nd7 15. axb5 axb5 16. Rxa8+ Bxa8 17. Qd3 Bb7 18. Ne4 c5 19. Rd1 Nb8 20. Nd6+ Bxd6 21. exd6 O-O 22. Bxb7 Qxb7 23. Qc3 f6 24. Qxc5 Rc8 25. Qe3 Kf7 26. Qd3 h6 27. h4 Nd7 28. Bd4 b4 29. Qb3 Qb5 30. Ra1 Rc6 31. Rb1 Rxd6 32. Qxb4 Qxb4 33. Rxb4 e5 34. Be3 h5 35. f3 f5 36. Bg5 g6 37. Rb7 Ke6 38. Ra7 Rb6 39. Kf2 Rb5 40. Ra8 Rb8 41. Ra6+ Rb6 42. Ra7 Rb5 43. Rc7 Rc5 44. Rb7 Rc6 45. Ra7 Rb6 46. Bd8 Rc6 47. Ra8 Nf6 48. Ba5 Nd7 49. Rg8 Kf7 50. Rh8 Nf6 51. Bb4 Ke6 52. Rd8 Kf7 53. Ba3 Ke6 54. Bb2 Rb6 55. Rd2 Rc6 56. Ba1 Ra6 57. Bb2 Rc6 58. Rd3 Rb6 59. Ba1 Nd5 60. Ra3 Rb5 61. Ra6+ Rb6 62. Ra5 e4 63. fxe4 fxe4 64. Bd4 Rc6 65. Ra8 Kd7 66. Ra4 Ke6 67. Be3 Kf5 68. Ra5 Ke5 69. Bf4+ Ke6 70. Bg5 Ke5 71. Ra8 Kf5 72. Rf8+ Ke5 73. Bh6 Rf6+ 74. Rxf6 Kxf6 75. Bg5+ Kf5 76.
Bh6 Kg4 77. Kg2 Kf5 1/2-1/2

[Variant "Standard"]
[Site "Europe Echecs"]

[Event "Championnat du monde jeunes U12"]
[Date "2024.11.23"]
[White "Mamikonyan, Artem T"]
[Black "Birmenko, Nikolay"]
[WhiteElo "1918"]
[BlackElo "2084"]
[Round "8.11"]
[Result "0-1"]
[TimeControl "5400+30"]

1. e4 c5 2. Nf3 Nc6 3. Bb5 g6 4. O-O Bg7 5. Re1 Nf6 6. e5 Nd5 7. Nc3 Nc7 8. Bxc6 dxc6 9. h3 O-O 10. d3 Ne6 11. a4 a5 12. Ne4 b6 13. b3 h6 14. Be3 Nd4 15. Nxd4 cxd4 16. Bf4 c5 17. h4 Be6 18. h5 g5 19. Bg3 Qd7 20. Qd2 Bg4 21. f4 f6 22. exf6 exf6 23. fxg5 fxg5 24. Nd6 Bxh5 25. Nc4 Rf6 26. Be5 Re6 27. Bxg7 Kxg7 28. Rxe6 Qxe6 29. Re1 Qf6 30. Qf2 Rf8 31. Qxf6+ Rxf6 32. Re7+ Kg8 33. Rb7 Bd1 34. Rxb6 Rxb6 35. Nxb6 Bxc2 36. Nd7 Bxd3 37.
Nxc5 Bc2 38. Kf2 Kf7 39. Ke2 h5 40. Kd2 Bg6 41. b4 axb4 42. a5 Ke7 43. a6 Be8 44. Kd3 Bc6 45. Kxd4 Bxg2 46. Ne4 b3 47. a7 Bxe4 48. Kxe4 b2 49. a8=Q b1=Q+ 50. Ke5 Qb5+ 51. Ke4 Qe2+ 52.
Kf5 Qb5+ 53. Kg6 g4 54. Qa3+ Ke6 55.
Qe3+ Qe5 56. Qb3+ Qd5 57. Qe3+ Kd6 58.
Qf4+ Kc5 59. Qe3+ Kc4 60. Qc1+ Kd4 61.
Qd2+ Kc5 62. Qa5+ Kd6 63. Qb6+ Ke5 64.
Qb2+ Kf4 65. Qb8+ Kf3 66. Qf8+ Kg2 0-1

[Variant "Standard"]
[Site "Europe Echecs"]

[Event "Championnat du monde jeunes U12"]
[Date "2024.11.23"]
[White "Petroff, Vlad"]
[Black "Yu, Zhe"]
[WhiteElo "2079"]
[BlackElo "1697"]
[Round "8.12"]
[Result "1-0"]
[TimeControl "5400+30"]

1. d4 Nf6 2. Nf3 d5 3. c4 c6 4. Nc3 dxc4 5. a4 Bf5 6. e3 e6 7. Bxc4 Bb4 8. O-O Nbd7 9. Bd3 Bxd3 10. Qxd3 O-O 11. Bd2 Qe7 12. Qc4 Bd6 13. Qb3 Rab8 14. e4 e5 15. d5 Nc5 16. Qc4 b5 17. axb5 cxb5 18. Nxb5 Ncxe4 19. Rxa7 Nxd2 20. Nxd2 Qd8 21. Ra6 Ne8 22. Ne4 Rxb5 23. Qxb5 Nc7 24. Qc6 Nxa6 25. Qxa6 Bb8 26. Rd1 Qh4 27. Ng3 f5 28. Qe6+ Kh8 29. d6 Qa4 30. b3 Qc6 31. Qe7 Re8 32. Nxf5 Rxe7 33. dxe7 h6 34. Rd8+ Kh7 35. Ne3 Qc1+ 36. Nf1 Ba7 37. e8=Q Qf4 38. Qh8+ Kg6 39. Rd6+ Kh5 40. Qe8+ Kg4 41. h3+ Kh4 42. g3+ Qxg3+ 43. Nxg3 Bxf2+ 44. Kxf2 g6 45.
Qxg6 Kxh3 46. Qh5# 1-0

[Variant "Standard"]
[Site "Europe Echecs"]

[Event "Championnat du monde jeunes U12"]
[Date "2024.11.23"]
[White "Kuandykuly, Danis"]
[Black "Tatvidze, Davit"]
[WhiteElo "2199"]
[BlackElo "2024"]
[Round "8.13"]
[Result "1-0"]
[TimeControl "5400+30"]

1. e4 c5 2. Nf3 Nc6 3. d4 cxd4 4. Nxd4 Nf6 5. Nc3 e5 6. Ndb5 d6 7. Bg5 a6 8. Na3 b5 9. Nd5 Be7 10. Bxf6 Bxf6 11. c3 O-O 12. Nc2 Rb8 13. h4 Ne7 14. Nce3 Nxd5 15. Nxd5 Be6 16. g3 Qd7 17. Bg2 Bd8 18. O-O Bb6 19. Qd3 Bc5 20. b4 Ba7 21. a4 Kh8 22. axb5 axb5 23. Ra6 f5 24. Bh3 Qb7 25. Rxa7 Qxa7 26. Bxf5 Bxd5 27. Qxd5 Qb6 28. h5 Rb7 29. Kg2 Rc7 30. Qd3 Qc6 31. Bg4 Ra7 32. Re1 Qb6 33. Re2 Raf7 34. f3 Qa6 35. Qd5 Rf6 36. Ra2 Qb6 37. Qd3 Qb7 38. Ra5 Rb8 39. Qe3 Rf7 40. h6 gxh6 41. Qxh6 Qe7 42. Qd2 Rg7 43. Bf5 Qf6 44. g4 h5 45. Ra1 Kg8 46. Rh1 h4 47. Qd5+ Kh8 48. Qa2 d5 49. Qf2 Kg8 50. Rxh4 Ra8 51. Rh1 Qf7 52. Rh6 Qa7 53. Qh4 Qa2+ 54. Kg3 Ra6 55. Qd8+ Kf7 56. Qd7+ Kf8 57. Rh8+ Rg8 58. Qd8+ 1-0

[Variant "Standard"]
[Site "Europe Echecs"]

[Event "Championnat du monde jeunes U12"]
[Date "2024.11.23"]
[White "Guo, Ethan"]
[Black "Bocquenet-Drouode, Hugo"]
[WhiteElo "2157"]
[BlackElo "2002"]
[Round "8.14"]
[Result "1-0"]
[TimeControl "5400+30"]

1. e4 c5 2. Nf3 Nc6 3. d4 cxd4 4. Nxd4 Nf6 5. Nc3 d6 6. Be3 Ng4 7. Bb5 Nxe3 8. fxe3 Bd7 9. O-O e6 10. Bxc6 bxc6 11. e5 Be7 12. Qh5 O-O 13. exd6 Bxd6 14. Rad1 g6 15. Qh6 Qe7 16. Nf3 f5 17. Ng5 Be5 18. Nxh7 Qxh7 19. Qxh7+ Kxh7 20. Rxd7+ Kg8 21. Na4 Rad8 22. Re7 Rf6 23. g3 Rd2 24. Rf2 Rd1+ 25. Kg2 g5 26. Nc5 Bxb2 27. Rxe6 Rd5 28. Rxf6 Bxf6 29. Nb3 Kg7 30. Kf1 Kg6 31. Ke2 Bc3 32. Rf1 g4 33. Rf4 Be5 34. Rc4 Kg5 35. Rxc6 Rd8 36. Rc5 Bf6 37. e4 Rh8 38. Rxf5+ Kg6 39. Rf2 Re8 40. Rf4 Kg5 41. c4 Rh8 42. Rf2 Rc8 43. c5 a5 44. Rf5+ Kg6 45. Nxa5 Rh8 46. c6 Rxh2+ 47. Rf2 Rh7 48. Nc4 Rc7 49. e5 Bg7 50. Rf4 Rxc6 51. Rxg4+ Kf7 52. a4 Rc5 53. Kd3 Bxe5 54. Rg5 Bd4 55. Rxc5 Bxc5 56. a5 Ke6 57. Ke4 Ba7 58. g4 Bc5 59. a6 Kf6 60. Kd5 Ba7 61. Kc6 Kg5 62. Kb7 Bd4 63. Nb6 Kxg4 64. a7 1-0

[Variant "Standard"]
[Site "Europe Echecs"]

[Event "Championnat du monde jeunes U12"]
[Date "2024.11.23"]
[White "Nguyen, Khoi"]
[Black "Abdsattar, Alisher"]
[WhiteElo "1994"]
[BlackElo "2082"]
[Round "8.15"]
[Result "0-1"]
[TimeControl "5400+30"]

1. c4 Nf6 2. Nf3 g6 3. Nc3 Bg7 4. e4 d6 5. d4 O-O 6. Be2 e5 7. O-O Nc6 8. d5 Ne7 9. Ne1 Ne8 10. Be3 f5 11. f3 Kh8 12. c5 dxc5 13. Bxc5 b6 14. Ba3 Nd6 15. Rc1 Bd7 16. Qb3 Bh6 17. Rc2 a5 18. Nd3 b5 19. Bc5 b4 20. Nd1 Qe8 21. Nxe5 Ba4 22. Qd3 Bxc2 23. Qxc2 Bg7 24. Nc4 fxe4 25. fxe4 Rxf1+ 26. Bxf1 Nxc4 27. Bxc4 Nc8 28. Nf2 Nd6 29. Bd3 Qe5 0-1

[Variant "Standard"]
[Site "Europe Echecs"]

[Event "Championnat du monde jeunes U12"]
[Date "2024.11.23"]
[White "Filindash, Nikita"]
[Black "Antipov, Fedor"]
[WhiteElo "2076"]
[BlackElo "1991"]
[Round "8.16"]
[Result "0-1"]
[TimeControl "5400+30"]

1. d4 Nf6 2. c4 e6 3. Nc3 Bb4 4. e3 O-O 5. Bd2 b6 6. Nf3 d5 7. cxd5 exd5 8. Rc1 Bb7 9. Bd3 Re8 10. O-O Bf8 11. Ne5 c5 12. Be1 Nc6 13. f4 Rc8 14. Bh4 cxd4 15. Nxc6 Bxc6 16. exd4 Qd6 17. Bxf6 Qxf6 18. Bb1 g6 19. Qd3 Bg7 20. Rcd1 Rc7 21. Qf3 Qe6 22. Kh1 Qe3 23. Qg4 Bxd4 24. Rd3 Qf2 25. Qd1 Qxb2 26. Na4 Bxa4 27. Qxa4 Qe2 28. Qd1 Qxd1 29. Rfxd1 Rce7 30. g3 Re1+ 31. Kg2 R8e2+ 32. Kf3 Rf2+ 33. Kg4 h5+ 34.
Kh3 Ree2 35. Rh1 0-1

[Variant "Standard"]
[Site "Europe Echecs"]

[Event "Championnat du monde jeunes U12"]
[Date "2024.11.23"]
[White "Fulgentini, Edoardo"]
[Black "Zhang, Haoxuan"]
[WhiteElo "2075"]
[BlackElo "1932"]
[Round "8.17"]
[Result "1/2-1/2"]
[TimeControl "5400+30"]

1. e4 e5 2. Nf3 Nc6 3. Bb5 a6 4. Ba4 b5 5. Bb3 Bc5 6. O-O Nf6 7. Nxe5 Nxe5 8. d4 Bxd4 9. Qxd4 d6 10. f4 c5 11. Qd2 Ng6 12. Bd5 Nxd5 13. Qxd5 Rb8 14. Rd1 Rb6 15. Be3 Bb7 16. Qd3 Qc8 17. Nc3 O-O 18. h3 b4 19. Nd5 Bxd5 20. Qxd5 Re8 21. f5 Ne5 22. Bf4 h6 23. Rd2 Qc7 24. Rad1 Kh7 25. Qb3 Re7 26. f6 gxf6 27. Rd5 Qb8 28. Rf1 Qg8 29. Bc1 Re6 30. Qe3 Qg7 31. Rf5 Qg6 32. Qe2 Nc6 33. Rf4 Nd4 34. Rxd4 cxd4 35. Rg4 Qf5 36. Qd2 Qh5 37. Qf4 Rb5 38. Qg3 Rg5 39. Bxg5 fxg5 40. Qd3 Qg6 41. Qxd4 h5 42. Rg3 Rxe4 43. Qd2 Re5 44. Rd3 Qe4 45. Rxd6 Qe1+ 46. Kh2 Qxd2 47. Rxd2 Rc5 48. Kg3 a5 49. Kf3 Kg6 50. Ke4 Rc8 51. Rf2 Re8+ 52. Kd4 f5 53. c4 bxc3 54. bxc3 Rd8+ 55. Ke5 Re8+ 56. Kd6 Kf6 57. c4 Re6+ 58. Kd5 Re5+ 59. Kc6 h4 60. c5 Ke6 61. Rd2 g4 62. hxg4 fxg4 63. Kb6 Rd5 64. Re2+ Re5 65. Rd2 Rd5 66. Rxd5 Kxd5 67. c6 h3 68. gxh3 g3 69. c7 g2 70. c8=Q g1=Q+ 71. Kxa5 Qe1+ 72. Ka6 Qe2+ 73. Kb7 Qb2+ 74. Kc7 Qc2+ 75. Kb8 Qh2+ 76. Qc7 Qxh3 77. a4 Qh8+ 78. Kb7 Qb2+ 79. Qb6 Qg7+ 80. Kb8 Qe5+ 81. Ka7 Kc4 82. a5 Qe7+ 83. Ka6 Qd7 84. Qb7 Qd6+ 85. Ka7 Qd4+ 86. Qb6 Qd7+ 87. Ka6 Qc8+ 88. Qb7 Qe6+ 89. Ka7 Qe3+ 90. Qb6 Qe7+ 91. Ka6 Qd7 92. Qb8 Qe6+ 93. Ka7 Qd7+ 94. Qb7 Qd4+ 95. Ka6 Qd6+ 96. Qb6 Qd7 97. Qb2 Qc6+ 98. Qb6 Qa8+ 1/2-1/2

[Variant "Standard"]
[Site "Europe Echecs"]

[Event "Championnat du monde jeunes U12"]
[Date "2024.11.23"]
[White "Yerzhanuly Yernur"]
[Black "Baturin-Vinogradov, Miroslav"]
[WhiteElo "1917"]
[BlackElo "2048"]
[Round "8.18"]
[Result "1/2-1/2"]
[TimeControl "5400+30"]

1. d4 d5 2. Bf4 Nf6 3. e3 e6 4. Nd2 c5 5. c3 Bd6 6. Bg3 Qc7 7. dxc5 Bxg3 8. hxg3 Qxc5 9. Ngf3 Nbd7 10. Bd3 b6 11. Qe2 Bb7 12. e4 dxe4 13. Nxe4 Bxe4 14. Bxe4 Rc8 15. O-O-O g6 16. g4 Qc4 17. Qxc4 Rxc4 18. Bd3 Rc5 19. g5 Ng4 20. Rd2 Nge5 21. Nxe5 Nxe5 22. Be2 O-O 23. f4 Nc6 24. Rd3 e5 25. Rdh3 h5 26. f5 e4 27. g4 Nd4 28. Bd1 gxf5 29. Rxh5 Ne6 30. gxf5 Rxf5 31. Bb3 Nc5 32. Bc2 Nd3+ 33. Bxd3 exd3 34. Rh8+ Kg7 35. R1h7+ Kg6 36. Rh6+ Kxg5 37. Rh5+ Kg6 38. R5h6+ Kg5 39. Rh5+ Kg6 1/2-1/2

[Variant "Standard"]
[Site "Europe Echecs"]

[Event "Championnat du monde jeunes U12"]
[Date "2024.11.23"]
[White "Bulgak, Damir"]
[Black "Le, Anh Tu"]
[WhiteElo "2044"]
[BlackElo "1812"]
[Round "8.19"]
[Result "1-0"]
[TimeControl "5400+30"]

1. e4 c5 2. Nf3 Nf6 3. e5 Nd5 4. Nc3 Nc7 5. d4 cxd4 6. Nxd4 g6 7. Bf4 Bg7 8. Bc4 O-O 9. Qe2 Ne6 10. Bxe6 dxe6 11. O-O-O Qb6 12. h4 f6 13. h5 g5 14. h6 Bh8 15. Qg4 Nd7 16. Bg3 Nc5 17. f4 Bd7 18. fxg5 f5 19. Qe2 Be8 20. Bf2 Bf7 21. Kb1 Qc7 22. Nf3 Rac8 23. Bd4 a6 24. Nh4 b5 25. a3 Rfd8 26. Rhe1 Qc6 27. g4 Bg6 28. Nxg6 hxg6 29. h7+ Kxh7 30. Qh2+ Kg8 31. Qh6 Qe8 32. Rh1 Bg7 33. Qh7+ Kf8 34. Ne2 Qf7 35. Bxc5 Rxd1+ 36. Rxd1 Bxe5 37. Qxf7+ Kxf7 38. Bd4 Bxd4 39. Nxd4 e5 40. Nf3 Ke6 41. Re1 e4 42. Nh4 Rg8 43. Rf1
fxg4 44. Kc1 Ke5 45.
Kd2 Kd4 46. Rf4 g3 47. c3+ 1-0

[Variant "Standard"]
[Site "Europe Echecs"]

[Event "Championnat du monde jeunes U12"]
[Date "2024.11.23"]
[White "Wang, Zihao(SH)"]
[Black "Batbaatar, Baatar"]
[WhiteElo "1773"]
[BlackElo "2030"]
[Round "8.20"]
[Result "0-1"]
[TimeControl "5400+30"]

1. e4 c5 2. Nf3 d6 3. d4 cxd4 4. Nxd4 Nf6 5. Nc3 a6 6. Be2 e5 7. Nb3 Be7 8. O-O O-O 9. Qd3 Be6 10. Rd1 Nbd7 11. Nd5 Bxd5 12. exd5 Rc8 13. c4 Ne8 14. Be3 Bg5 15. f3 Bxe3+ 16. Qxe3 f5 17. Bd3 g6 18. Rac1 a5 19. Nd2 Nef6 20. b3 Nc5 21. h3 Nh5 22. Bf1 f4 23. Qf2 Ng3 24. Re1 Qg5 25. a3 Rce8 26. b4 e4 27. fxe4 Ncxe4 28. Nf3 Qh5 29. Qc2 Ng5 30. Qb3 Re3 31. Rxe3 fxe3 32. Qxe3 Nxf3+ 33. gxf3 Rxf3 34. Qe6+ Kg7 35. Qg4 Qxg4 36. hxg4 Rxf1+ 37. Rxf1 Nxf1 38. Kxf1 Kf6 39. c5 dxc5 40. bxc5 h5 41. Kg2 Ke5 42. d6 Ke6 43. Kh3 b6 44. cxb6 Kxd6 45. gxh5 gxh5 46. b7 Kc7 47. Kh4 Kxb7 48. Kxh5 Kc6 49. Kg5 Kb5 50. Kf4 Ka4 51. Ke3 Kxa3 52. Kd2 Kb2 0-1

[Variant "Standard"]
[Site "Europe Echecs"]

[Event "Championnat du monde jeunes U12"]
[Date "2024.11.23"]
[White "Marchand, Calix"]
[Black "Belyaletdinov, Leonard"]
[WhiteElo "2027"]
[BlackElo "1903"]
[Round "8.21"]
[Result "1-0"]
[TimeControl "5400+30"]

1. e4 c6 2. d4 d5 3. Nc3 dxe4 4. Nxe4 Bf5 5. Qf3 Bxe4 6. Qxe4 Nf6 7. Qd3 g6 8. Nf3 Bg7 9. g3 O-O 10. Qe2 Nbd7 11. Bg2 Rc8 12. O-O Re8 13. b3 c5 14. Bb2 cxd4 15. Nxd4 Qb6 16. Rfd1 a6 17. c4 e5 18. Nc2 Nc5 19. Ne3 e4 20. Bd4 Qc7 21. Qb2 Qc6 22. g4 Rcd8 23. Rac1 Qd6 24. g5 Ng4 25. Bxg7 Qxh2+ 26. Kf1 Nxe3+ 27. fxe3 Qh5 28. Bd4 Re5 29. Rd2 Rf5+ 30. Kg1 Nd3 31. Bf6 Re8 32. Rxd3 exd3 33. Qd2 Qh4 34. Rf1 h6 35. Qxd3 Rxf1+ 36. Kxf1 Qg4 37. Qd4 Qf5+ 38. Kg1 Qe6 39. Bxb7 hxg5 40. Bh8 Qxe3+ 41. Qxe3 Rxe3 42. Bf6 Kf8 43. c5 Re1+ 44. Kf2 Rc1 45. c6 Ke8 46. Bxa6 Rc5 47. Kg3 Kf8 48. Bb7 Rc2 49. a4 Kg8 50. a5 Kh7 51. a6 Rd2 52. a7 Rd3+ 53. Kf2 Kh6 54. a8=Q Rd2+ 55. Ke3 1-0

[Variant "Standard"]
[Site "Europe Echecs"]

[Event "Championnat du monde jeunes U12"]
[Date "2024.11.23"]
[White "Saminskij, Jan"]
[Black "Chen, Jun-Wei"]
[WhiteElo "2202"]
[BlackElo "1907"]
[Round "8.22"]
[Result "0-1"]
[TimeControl "5400+30"]

1. e4 c5 2. Nf3 e6 3. d4 cxd4 4. Nxd4 Nc6 5. Nc3 Qc7 6. f4 a6 7. Nxc6 Qxc6 8. Bd3 b5 9. Qe2 Bb7 10. Bd2 Rc8 11. a3 Bc5 12. O-O-O Ne7 13. h4 O-O 14. h5 d5 15. e5 b4 16. axb4 Bxb4 17. g4 d4 18. Nb1 Qa4 19. Rh3 Bxd2+ 20. Rxd2 Qc6 21. Qf2 Qc5 22. Qe2 f5 23. Rg3 Nd5 24. Qf2 Ne3 25. gxf5 exf5 26. Qg1 Rc7 27. Re2 Be4 28. Bxe4 fxe4 29. h6 Qxc2+ 0-1

[Variant "Standard"]
[Site "Europe Echecs"]

[Event "Championnat du monde jeunes U12"]
[Date "2024.11.23"]
[White "Huseynov, Ahmed"]
[Black "Shilon Rahav, Eliran"]
[WhiteElo "1886"]
[BlackElo "2150"]
[Round "8.23"]
[Result "0-1"]
[TimeControl "5400+30"]

1. Nf3 c5 2. g3 Nc6 3. Bg2 e5 4. c4 g6 5. Nc3 Bg7 6. O-O Nge7 7. d3 O-O 8. a3 d6 9. Rb1 a5 10. Ne1 Be6 11. Nc2 d5 12. cxd5 Nxd5 13. Ne3 Nde7 14. Ne4 b6 15. Ng5 Qd7 16. Qa4 Rab8 17. Nxe6 Qxe6 18. Qc4 Qd6 19. Nd5 b5 20. Nxe7+ Qxe7 21. Qc2 Nd4 22. Qd1 Rfd8 23. Bd2 a4 24. Rc1 Nb3 25. Rc2 Rbc8 26. Qe1 Qe6 27. Be3 c4 28. dxc4 Rxc4 29. Qb1 f5 30. Rd1 Nd4 31. Bxd4 Rcxd4 32. Rxd4 Rxd4 33. Bb7 h5 34. Kg2 h4 35. Qc1 f4 36. f3 h3+ 37. Kf1 Qd7 38. Rc8+ Kh7 39. Qc5 fxg3 40. hxg3
h2 0-1

[Variant "Standard"]
[Site "Europe Echecs"]

[Event "Championnat du monde jeunes U12"]
[Date "2024.11.23"]
[White "Golubovic, Erik"]
[Black "Bundan, Edward"]
[WhiteElo "2147"]
[BlackElo "1905"]
[Round "8.24"]
[Result "1-0"]
[TimeControl "5400+30"]

1. d4 Nf6 2. c4 e6 3. Nf3 d5 4. g3 Bb4+ 5. Bd2 Bd6 6. Bg2 c6 7. O-O O-O 8. Qc2 Ne4 9. Bc3 Nd7 10. Nbd2 f5 11. Ne5 Ndf6 12. b3 Nxc3 13. Qxc3 Qe7 14. Ndf3 Ne4 15. Qc2 a5 16. c5 Bc7 17. a3 g5 18. Nd3 g4 19. Nfe5 Bxe5 20. Nxe5 Ng5 21. b4 Nf7 22. Nd3 e5 23. dxe5 Nxe5 24. Nf4 Be6 25. b5 Nc4 26. bxc6 bxc6 27. h3 gxh3 28. Bxh3 Bd7 29. Qd1 Rad8 30. Qd4 Qe4 31. Qc3 Qe5 32. Qd3 Qe4 33. Qc3 Qe5 34. Qd3 Qe4 35. Bg2 Qxd3 36. exd3 Nd2 37. Rfd1 Nb3 38. Rab1 Nxc5 39. Rdc1 Ne6 40. Nxe6 Bxe6 41. Rxc6 Bf7 42. Rc5 a4 43. Rb4 Rc8 44. Rxc8 Rxc8 45. Rxa4 Rc3 46. Rd4 Rxa3 47. Bxd5 Bxd5 48. Rxd5 Kg7 49. Rxf5 Rxd3 50. Kg2 Kg6 51. Ra5 Rb3 52. f4 Rc3 53. Kh3 Rb3 54. Kg4 Rc3 55. Ra6+ Kg7 56. Rb6 Ra3 57. Rc6 Rb3 58. Ra6 Rc3 59. Rb6 Ra3 60. f5 Rc3 61. Ra6 Rb3 62. Kh4 Rc3 63. Rb6 Ra3 64. Rc6 Rb3 65. Ra6 Rc3 66. g4 Rc4 67. Kg5 Rc5 68. Ra7+ Kg8 69. Re7 Rc6 70. Rd7 Rb6 71. Rc7 Ra6 72. Rb7 Rc6 73. Ra7 Rb6 74. Re7 Ra6 75. Re6 Ra4 76. Kf6 h6 77. Re8+ Kh7 78. Re7+ Kh8 79. g5 hxg5 80. Kg6 Ra8 81. Rh7+ Kg8 82. f6 Ra6 83. Rb7 Ra8 84. Rg7+ Kf8 85. Rh7 1-0

[Variant "Standard"]
[Site "Europe Echecs"]

[Event "Championnat du monde jeunes U12"]
[Date "2024.11.23"]
[White "Minga-Nagy, Abel Inti"]
[Black "Ivarlac, Vladislav"]
[WhiteElo "2033"]
[BlackElo "1867"]
[Round "8.25"]
[Result "1-0"]
[TimeControl "5400+30"]

1. e4 e6 2. d4 d5 3. Bd3 Nf6 4. e5 Nfd7 5. Nf3 Be7 6. c3 c5 7. h4 h6 8. Qe2 Nc6 9. a3 Qb6 10. dxc5 Nxc5 11. O-O Nxd3 12. Qxd3 a5 13. Be3 Bc5 14. Bxc5 Qxc5 15. b4 Qe7 16. b5 Nb8 17. Nbd2 O-O 18. c4 Rd8 19. Qe3 Nd7 20. Rac1 Nf8 21. c5 Bd7 22. a4 Rac8 23. Nb3 Ra8 24. Qc3 Rdc8 25. Qd2 Be8 26. Nxa5 Rxc5 27. Rxc5 Qxc5 28. Nxb7 Qa7 29. Nd6 Qxa4 30. Rb1 Rb8 31. Qc3 Qa7 32. b6 Qa2 33. Ra1 Qe2 34. Qc7 Qb2 35. Ra6 Nd7 36. Nxe8 h5 37. Nd6 Rf8 38. Qxd7 Qc1+ 39. Kh2 Qf4+ 40. Kh1 Qc1+ 41. Ng1 1-0

[Variant "Standard"]
[Site "Europe Echecs"]

[Event "Championnat du monde jeunes U12"]
[Date "2024.11.23"]
[White "Elhusseiny, Eyad"]
[Black "Yang, Maxwell"]
[WhiteElo "2017"]
[BlackElo "1889"]
[Round "8.26"]
[Result "1-0"]
[TimeControl "5400+30"]

1. Nf3 Nf6 2. c4 g6 3. Nc3 d5 4. cxd5 Nxd5 5. h4 Bg7 6. h5 O-O 7. hxg6 hxg6 8. Qa4 e6 9. Qg4 e5 10. Qg3 Nf4 11. d3 Nh5 12. Qh2 Nc6 13. Bg5 f6 14. Be3 Kf7 15. O-O-O Nd4 16. Bxd4 exd4 17. Nb5 c5 18. Nh4 Bh6+ 19. Kb1 Rg8 20. Nd6+ Ke7 21. Nxg6+ Rxg6 22. Qxh5 Qg8 23. Qxc5 Kd8 24. Qxd4 Bd7 25. Nxb7+ Ke8 26. Nc5 Rd8 27. Rxh6 Rxh6 28. Qe3+ Kf7 29. Qxh6 1-0

[Variant "Standard"]
[Site "Europe Echecs"]